 Dungeon Crawl Stone Soup version 0.26-a0-651-gb41185065b (webtiles) character file.

Game seed: 11337397844084154231

6 Lanoc the Sneak (level 1, -1/12 HPs)
             Began as a Vampire Brigand on Oct 26, 2020.
             Slain by a kobold
             ... wielding a cursed -1 short sword
              (3 damage)
             ... on level 1 of the Dungeon.
             The game lasted 00:00:28 (60 turns).

Lanoc the Sneak (Vampire Brigand)                     Turns: 60, Time: 00:00:28

Health: -1/12      AC:  3    Str: 10    XL:     1   Next: 75%
Magic:  1/1        EV: 12    Int: 13    God:
Gold:   0          SH:  0    Dex: 15    Spells: 0/0 levels left

rFire    . . .     SeeInvis +   a - +2 dagger
rCold    + + .     Faith    .   (no shield)
rNeg     + + +     Spirit   .   b - +0 robe
rPois    ∞         Reflect  .   (no helmet)
rElec    .         Harm     .   c - +0 cloak
rCorr    .         Rampage  .   (no gloves)
MR       .....                  (no boots)
Stlth    +++++.....             (no amulet)
HPRegen  0.00/turn              (no ring)
MPRegen  0.07/turn              (no ring)

@: bloodless
A: fangs 3, see invisible, unbreathing
a: Revivify


You were on level 1 of the Dungeon.
You visited 1 branch of the dungeon, and saw 1 of its levels.

Inventory:

Hand Weapons
 a - a +2 dagger (weapon)
Missiles
 d - 8 poisoned darts (quivered)
 e - 2 curare-tipped darts
Armour
 b - a +0 robe (worn)
 c - a +0 cloak (worn)


   Skills:
 + Level 1.9 Fighting
 - Level 2.1 Short Blades
 - Level 1.5 Throwing
 + Level 1.3 Dodging
 * Level 6.1 Stealth


You couldn't memorise any spells.
You didn't know any spells.
Your spell library was empty.

Dungeon Overview and Level Annotations

Branches:
Dungeon (1/15)

Altars:


Innate Abilities, Weirdness & Mutations

You do not regenerate when monsters are visible.
You are frail without blood (-20% HP).
You can heal yourself when you bite living creatures.
You are immune to poison.
You have razor-sharp teeth.
You have supernaturally acute eyesight. (SInv)
You can survive without breathing.


Message History

The jackal is almost dead.
The jackal closely misses you.
You hit the jackal.
You kill the jackal!
The kobold throws a stone.
The stone hits you but does no damage.
The kobold throws a stone.
The stone hits you.
* * * LOW HITPOINT WARNING * * *
You see here a stone.
You open the door.
Found a stone staircase leading down.
There is an open door here.
Found a dagger.
You hit the kobold.
The kobold is severely wounded.
The kobold hits you with a cursed -1 short sword.
* * * LOW HITPOINT WARNING * * *
You completely miss the kobold.
The kobold is severely wounded.
The kobold hits you with a cursed -1 short sword.
You die...

....##...w.......
####...#.....$......
.(.................
######)#.........
##.#........#
##.(#...(.(..#
##...#........#
##....##.......#
##......#####@.######
#.....<.....K........
##......#####.####...
##....## ..# . ##...#
)..# ##..# ....# ##.#
.....# #+######># ...


You could see a kobold.

Vanquished Creatures
  3 jackals (D:1)
  A bat (D:1)
  A goblin (D:1)
  A kobold (D:1)
6 creatures vanquished.

Notes
Turn   | Place    | Note
-------+----------+-------------------------------------------
     0 | D:1      | Lanoc the Vampire Brigand began the quest for the Orb.
     0 | D:1      | Reached XP level 1. HP: 16/16 MP: 1/1
    34 | D:1      | Reached skill level 6 in Stealth
    60 | D:1      | Slain by a kobold

Illustrated notes

Levels and vault maps discovered:
D:1:      mrwooster_arrival_arrow, layout_rooms, serial_glass, glass_columns_a,
          glass_columns_a, due_unseen_surprise, item_on_display_a,
          chequers_serial_rivers_marsh, minmay_tetromino_l2

Skill      XL: |  1 |
---------------+----+-----
Stealth        | 6 |  6.1
Fighting       | |  1.9
Short Blades   | |  2.1
Throwing       | |  1.5
Dodging        | |  1.3

Action                   || total
-------------------------++-------
Melee: Dagger            ||    25
 Abil: Exsanguinate      ||     1
Armor: Robe              ||     8
Dodge: Dodged            ||    18

Table legend: (Time is in decaauts)
 A = Elapsed time spent in this place.
 B = Non-inter-level travel time spent in this place.
 C = Inter-level travel time spent in this place.
 D = Time resting spent in this place.
 E = Time spent auto-exploring this place.
 F = Levels seen in this place.
 G = Mean time per level.
                   A        B        C        D        E       F      G
               +--------+--------+--------+--------+--------+-----+--------+
         Total |     57 |     57 |      0 |      0 |      6 |   1 |   57.0 |
       Dungeon |     57 |     57 |      0 |      0 |      6 |   1 |   57.0 |
               +--------+--------+--------+--------+--------+-----+--------+

Top non-repeatable levels by time:
     D:1: 57 daAuts
